 Dungeon Crawl Stone Soup version 0.31-a0-667-g39726597b9 (webtiles) character file.

Game seed: 13361570034433681264

107 garrulousMonolith the Changeling (level 4, 0/29 HPs)
             Began as an Octopode Shapeshifter on Sept 3, 2023.
             Was an Initiate of Dithmenos.
             Slain by an adder (3 damage)
             ... on level 4 of the Dungeon.
             The game lasted 00:02:29 (2677 turns).

garrulousMonolith the Changeling (OpSh)             Turns: 2677, Time: 00:02:30

Health: 0/29       AC:  1    Str: 14 (15) XL:     4   Next: 85%
Magic:  4/4        EV: 13    Int: 10 (12) God:    Dithmenos [......]
Gold:   202        SH:  0    Dex: 10 (11) Spells: 2/3 levels left

rFire   . .          .
                       - Unarmed
rCold   . . .        (no shield)
rNeg    . . .        (helmet currently unavailable)
rPois   .            (no amulet)
rElec   .            (no ring)
rCorr   .            (no ring)
SInv    .            (no ring)
Will    +....        (no ring)
Stlth   ++           (no ring)
HPRegen 0.24/turn    (no ring)
MPRegen 0.09/turn    (no ring)
                     (no ring)

%: no passive effects
@: lethally poisoned (0 -> -3), beast-form, attractive, enlightened, flying
A: beast (slay +2), almost no armour, amphibious, 8 rings, camouflage 1,
gelatinous body 1, (nimble swimmer 1), tentacles
a: Begin Untransformation, Renounce Religion


You were on level 4 of the Dungeon.
You worshipped Dithmenos.
Dithmenos was noncommittal.
You were a hulking beast.
You visited 1 branch of the dungeon, and saw 4 of its levels.

You collected 202 gold pieces.

Inventory:

Missiles
 i - 6 boomerangs (quivered)
 l - 3 poisoned darts
Talismans
 b - a beast talisman (active)
 c - a flux talisman
 n - a serpent talisman
Scrolls
 d - 2 scrolls of identify {unknown}
 e - a scroll of blinking {unknown}
 g - a scroll of enchant armour {unknown}
 h - 4 scrolls of immolation {unknown}
 k - a scroll of teleportation {unknown}
 m - a scroll of fog {unknown}
 p - a scroll of torment {unknown}
Potions
 a - a potion of lignification
 o - a potion of attraction


   Skills:
 + Level 2.1 Fighting
 + Level 2.7 Dodging
 + Level 1.3 Stealth
 + Level 3.5 Unarmed Combat
 + Level 1.0 Invocations
 * Level 3.6 Shapeshifting


You had 2 spell levels left.
You knew the following spells:

 Your Spells              Type           Power      Damage    Failure   Level
a - Magic Dart            Conj           0%         1d3       36%         1

Your spell library contained the following spells:

 Spells                   Type           Power      Damage    Failure   Level
 Slow                     Hex            0%         N/A       36%         1
 Ensorcelled Hibernation  Hex/Ice        0%         N/A       50%         2
 Passwall                 Tmut/Erth      0%         N/A       50%         2
 Searing Ray              Conj           0%         2d4       50%         2
 Sublimation of Blood     Necr           0%         N/A       50%         2
 Wereblood                Tmut           0%         N/A       50%         2
 Confusing Touch          Hex            0%         N/A       75%         3
 Swiftness                Air            0%         N/A       75%         3
 Vampiric Draining        Necr           0%         2d6       75%         3
 Fulminant Prism          Conj/Hex       0%         3d5       98%         4
 Summon Hydra             Summ           0%         N/A       100%        7


Dungeon Overview and Level Annotations

Branches:
Dungeon (4/15)
 Temple: D:4-7

Altars:
Dithmenos


Innate Abilities, Weirdness & Mutations

You are a hulking beast.
Your limbs bulge with bestial killing power. (Slay +2)
You cannot wear most types of armour.
You are amphibious.
You can wear up to eight rings at the same time.
Your skin changes colour to match your surroundings (Stealth+).
Your rubbery body absorbs attacks. (AC +1, EV +1)
((You are camouflaged when in or above water. (Stealth+)))
You have tentacles for arms and can constrict up to eight enemies at once.


Message History

You bludgeon the ufetubus!
You kill the ufetubus!
Dithmenos accepts your kill.
A worm comes into view.
Your Invocations skill increases to level 1!
You barely miss the giant cockroach. Your grab misses the giant cockroach.
The giant cockroach bites you.
The adder hisses angrily.
You tentacle-slap the giant cockroach but do no damage.
You grab the giant cockroach.
Your squeeze misses the giant cockroach.
You constrict the giant cockroach. The giant cockroach misses you.
The giant cockroach bites you.
You tentacle-slap the giant cockroach but do no damage.
You constrict the giant cockroach.
The giant cockroach completely misses you.
You tentacle-slap the giant cockroach.
You kill the giant cockroach!
Dithmenos accepts your kill. The adder bites you.
* * * LOW HITPOINT WARNING * * *
The adder misses you.
You see here a ball python corpse.
It was a potion of attraction.
You feel attractive to monsters. The adder bites you.
* * * LOW HITPOINT WARNING * * *
You are lethally poisoned!
The adder poisons you!
It was a potion of degeneration.
There was something very wrong with that liquid.
You feel weakened.
You feel dopey.
You feel clumsy.
* * * LOW HITPOINT WARNING * * *
You feel sick. The adder barely misses you.
It was a potion of enlightenment.
You feel very buoyant.
You fly up into the air.
* * * LOW HITPOINT WARNING * * *
You feel sick. The adder bites you.
You die...

.............####
..........)#...####...
...........##.......#
...........###.####.#
....##.........####..
#... #...#............
.............#....
....###......# ..
#h#....... #S....##...
.w..#.# ... .##.....#
.. .. #.###... .. ..
.#.# .#. .# .. ..# ..


You could see a worm and an adder.

Vanquished Creatures
  A hound (D:4)
  An adder (D:3)
  An ufetubus (D:4)
  2 dart slugs
  4 orcs
  5 endoplasms
  A giant cockroach (D:4)
  2 goblins
  2 hobgoblins
  8 jackals
  4 quokkas
  11 ball pythons
  A bat (D:1)
  2 frilled lizards (D:1)
  3 kobolds
  4 rats
52 creatures vanquished.

Notes
Turn   | Place    | Note
-------+----------+-------------------------------------------
     0 | D:1      | garrulousMonolith the Octopode Shapeshifter began the quest
                  | for the Orb.
     0 | D:1      | Reached XP level 1. HP: 13/13 MP: 1/1
    98 | D:1      | Reached XP level 2. HP: 17/18 MP: 2/2
   902 | D:2      | Reached XP level 3. HP: 22/23 MP: 3/3
  1024 | D:2      | Found a shadowy altar of Dithmenos.
  1076 | D:2      | Became a worshipper of Dithmenos the Shadowed
  1839 | D:3      | Learned a level 1 spell: Magic Dart
  2122 | D:3      | Reached XP level 4. HP: 25/29 MP: 4/4
  2171 | D:3      | Reached skill level 1 in Stealth
  2670 | D:4      | Reached skill level 1 in Invocations
  2677 | D:4      | Slain by an adder

Illustrated notes

Levels and vault maps discovered:
D:1:      dpeg_arrival_tiny_i, layout_basic
D:2:      layout_loops_corners, basic_altar
D:3:      layout_loops_ring, serial_forest, infiniplex_forest_corner_2,
          infiniplex_forest_clump_curved, infiniplex_forest_clump_diagonal,
          infiniplex_forest_clump_diagonal, infiniplex_forest_lined_room_,
          infiniplex_forest_clump_small, infiniplex_forest_clump_tiny,
          infiniplex_forest_fountain
D:4:      minmay_door_path, layout_cave_pools, minmay_fractal_squares_5

Skill      XL: |  1  2  3  4 |
---------------+-------------+-----
Stealth        | 1 |  1.3
Fighting       | 2 |  2.1
Invocations    | 1 |  1.0
Dodging        | |  2.7
Unarmed Combat | |  3.5
Shapeshifting  | |  3.6

Action                     |  1- 3 |  4- 6 || total
---------------------------+-------+-------++-------
  Melee: Unarmed           |    48 |   106 ||   154
         Constrict         |    14 |     5 ||    19
         Punch             |     2 |     6 ||     8
         Tentacles         |     5 |    29 ||    34
  Throw: Boomerang         |    15 |       ||    15
    Use: Potion            |       |     3 ||     3
   Stab: Sleeping          |     8 |     2 ||    10
         Distracted        |     1 |       ||     1
 Armour: Skin              |    24 |    16 ||    40
  Dodge: Dodged            |    19 |    17 ||    36
   Form: Anaconda          |     1 |       ||     1
         Beast             |     1 |       ||     1

Table legend: (Time is in decaauts)
 A = Elapsed time spent in this place.
 B = Non-inter-level travel time spent in this place.
 C = Inter-level travel time spent in this place.
 D = Time resting spent in this place.
 E = Time spent auto-exploring this place.
 F = Levels seen in this place.
 G = Mean time per level.
                   A        B        C        D        E       F      G
               +--------+--------+--------+--------+--------+-----+--------+
         Total |   2670 |   2616 |     54 |     84 |   2130 |   4 |  667.5 |
       Dungeon |   2670 |   2616 |     54 |     84 |   2130 |   4 |  667.5 |
               +--------+--------+--------+--------+--------+-----+--------+

Top non-repeatable levels by time:
     D:3: 976 daAuts
     D:1: 830 daAuts
     D:2: 823 daAuts
     D:4: 40 daAuts
